TOP OF THE 1ST |
Santa Monica Bruins batting - Pitching for Albuquerque Isotopes : RHP Xavier Castańera
|
Pitching: RHP Xavier Castańera
|
|
Batting: RHB Javier González
|
0-0: Ball 1-0: Ball 2-0: Swinging Strike 2-1: Called Strike 2-2: Strikes out looking
|
Batting: LHB Ethan Shaw
|
0-0: Ball 1-0: Reached on error, E6 (Groundball, 56)
|
Batting: LHB Ken Phillips
|
0-0: Called Strike 0-1: Fielders Choice at 2nd, 4-6 (Groundball, 4)
|
Batting: SHB Zach Franks
|
0-0: Fielders Choice at 2nd, 4-6 (Groundball, 4)
|
Top of the 1st over - 0 run(s), 0 hit(s), 1 error(s), 0 left on base; Santa Monica 0 - Albuquerque 0 |
BOTTOM OF THE 1ST |
Albuquerque Isotopes batting - Pitching for Santa Monica Bruins : RHP Mario Chávez
|
Pitching: RHP Mario Chávez
|
|
Batting: LHB Burt Ward
|
0-0: Ball 1-0: Ground out 5-3 (Groundball, 56S)
|
Batting: RHB Juan Vareas
|
0-0: Ball 1-0: Ball 2-0: Foul Ball, location: 2F 2-1: SINGLE (Flyball, 9LS)
|
Batting: RHB Víctor Solano
|
0-0: Grounds into double play, 4-6-3 (Groundball, 4)
|
Bottom of the 1st over - 0 run(s), 1 hit(s), 0 error(s), 0 left on base; Santa Monica 0 - Albuquerque 0 |
TOP OF THE 2ND |
Santa Monica Bruins batting - Pitching for Albuquerque Isotopes : RHP Xavier Castańera
|
Batting: RHB Fred Ameris
|
0-0: Ball 1-0: Ball 2-0: Ball 3-0: Called Strike 3-1: Base on Balls
|
Batting: SHB Adrián Nieto
|
0-0: Called Strike 0-1: Called Strike Fred Ameris steals 2nd base 0-2: Ball 1-2: Fly out, F8 (Line Drive, 8RM)
|
Batting: RHB Ernest Russell
|
0-0: Ball 1-0: Foul Ball, location: 2F 1-1: Ball 2-1: Foul Ball, location: 2F 2-2: Foul Ball, location: 2F 2-2: Ball 3-2: Strikes out swinging
|
Batting: RHB Bonifacio Torres
|
0-0: Called Strike 0-1: Fly out, F9 (Flyball, 9LMF)
|
Top of the 2nd over - 0 run(s), 0 hit(s), 0 error(s), 1 left on base; Santa Monica 0 - Albuquerque 0 |
BOTTOM OF THE 2ND |
Albuquerque Isotopes batting - Pitching for Santa Monica Bruins : RHP Mario Chávez
|
Batting: RHB Sam Wallace
|
0-0: Called Strike 0-1: Ball 1-1: Foul Ball, location: 2F 1-2: DOUBLE (Groundball, 5L)
|
Batting: LHB Phil Neal
|
0-0: Ball 1-0: Ball 2-0: Ground out 4-3 (Groundball, 4) Sam Wallace to third
|
Batting: RHB Mike Ingram
|
0-0: Swinging Strike 0-1: Called Strike 0-2: Strikes out looking
|
Batting: RHB Eric Knight
|
0-0: Called Strike 0-1: Called Strike 0-2: Strikes out looking
|
Bottom of the 2nd over - 0 run(s), 1 hit(s), 0 error(s), 1 left on base; Santa Monica 0 - Albuquerque 0 |
TOP OF THE 3RD |
Santa Monica Bruins batting - Pitching for Albuquerque Isotopes : RHP Xavier Castańera
|
Batting: RHB Chad Huggins
|
0-0: Ground out 6-3 (Groundball, 6)
|
Batting: RHB Javier González
|
0-0: SINGLE (Groundball, 56D)
|
Batting: LHB Ethan Shaw
|
0-0: Ball 1-0: Called Strike 1-1: Called Strike 1-2: Ball 2-2: Fly out, F8 (Line Drive, 8RXD)
|
Batting: LHB Ken Phillips
|
0-0: SINGLE (Flyball, 9S) Javier González to second Runner from 2nd tries for 3rd, SAFE, throw made to third
|
Batting: SHB Zach Franks
|
0-0: Ball 1-0: SINGLE (Groundball, 4MD) Javier González scores Ken Phillips to second Runner from 2nd tries for 3rd, OUT!
|
Top of the 3rd over - 1 run(s), 3 hit(s), 0 error(s), 1 left on base; Santa Monica 1 - Albuquerque 0 |
BOTTOM OF THE 3RD |
Albuquerque Isotopes batting - Pitching for Santa Monica Bruins : RHP Mario Chávez
|
Batting: LHB Pedro Cruz
|
0-0: Called Strike 0-1: Foul Ball, location: 2F 0-2: Ball 1-2: Ball 2-2: Ground out 4-3 (Groundball, 4)
|
Batting: RHB Dave Mullen
|
0-0: Ball 1-0: Ground out 1-3 (Groundball, 15)
|
Batting: LHB Burt Ward
|
0-0: Ball 1-0: Fly out, F8 (Flyball, 8LM)
|
Bottom of the 3rd over - 0 run(s), 0 hit(s), 0 error(s), 0 left on base; Santa Monica 1 - Albuquerque 0 |
TOP OF THE 4TH |
Santa Monica Bruins batting - Pitching for Albuquerque Isotopes : RHP Xavier Castańera
|
Batting: RHB Fred Ameris
|
0-0: Swinging Strike 0-1: Foul Ball, location: 2F 0-2: Foul Ball, location: 2F 0-2: Ball 1-2: Foul Ball, location: 2F 1-2: Foul Ball, location: 2F 1-2: Strikes out swinging
|
Batting: SHB Adrián Nieto
|
0-0: Ball 1-0: Fly out, F7 (Flyball, 78S)
|
Batting: RHB Ernest Russell
|
0-0: Called Strike 0-1: Swinging Strike 0-2: Ball 1-2: Ball 2-2: Foul Ball, location: 2F 2-2: Strikes out swinging
|
Top of the 4th over - 0 run(s), 0 hit(s), 0 error(s), 0 left on base; Santa Monica 1 - Albuquerque 0 |
BOTTOM OF THE 4TH |
Albuquerque Isotopes batting - Pitching for Santa Monica Bruins : RHP Mario Chávez
|
Batting: RHB Juan Vareas
|
0-0: Called Strike 0-1: Ball 1-1: Ball 2-1: SINGLE (Line Drive, 4MD)
|
Batting: RHB Víctor Solano
|
0-0: Called Strike 0-1: Ball 1-1: Foul Ball, location: 2F 1-2: Strikes out swinging
|
Batting: RHB Sam Wallace
|
0-0: Ball 1-0: Ball 2-0: Swinging Strike 2-1: Called Strike 2-2: Strikes out swinging
|
Batting: LHB Phil Neal
|
0-0: Ball 1-0: Called Strike 1-1: Ball 2-1: Foul Ball, location: 2F 2-2: Foul Ball, location: 2F 2-2: Strikes out swinging
|
Bottom of the 4th over - 0 run(s), 1 hit(s), 0 error(s), 1 left on base; Santa Monica 1 - Albuquerque 0 |
TOP OF THE 5TH |
Santa Monica Bruins batting - Pitching for Albuquerque Isotopes : RHP Xavier Castańera
|
Batting: RHB Bonifacio Torres
|
0-0: Ball 1-0: Ground out 5-3 (Groundball, 5L)
|
Batting: RHB Chad Huggins
|
0-0: Ball 1-0: Called Strike 1-1: Foul Ball, location: 2F 1-2: Strikes out swinging
|
Batting: RHB Javier González
|
0-0: Called Strike 0-1: Fly out, F9 (Line Drive, 9)
|
Top of the 5th over - 0 run(s), 0 hit(s), 0 error(s), 0 left on base; Santa Monica 1 - Albuquerque 0 |
BOTTOM OF THE 5TH |
Albuquerque Isotopes batting - Pitching for Santa Monica Bruins : RHP Mario Chávez
|
Batting: RHB Mike Ingram
|
0-0: Ball 1-0: Foul Ball, location: 2F 1-1: Foul Ball, location: 2F 1-2: Foul Ball, location: 2F 1-2: Ball 2-2: Foul Ball, location: 2F 2-2: Ball 3-2: SINGLE (Line Drive, 8LS)
|
Batting: RHB Eric Knight
|
0-0: Ball 1-0: Foul Ball, location: 2F 1-1: Swinging Strike 1-2: Strikes out swinging
|
Batting: LHB Pedro Cruz
|
0-0: Ball 1-0: Ball 2-0: Called Strike 2-1: Foul Ball, location: 2F 2-2: TRIPLE (Line Drive, 9LM) Mike Ingram scores
|
Batting: RHB Dave Mullen
|
0-0: DOUBLE (Flyball, 78XD) Pedro Cruz scores
|
Batting: LHB Burt Ward
|
0-0: Ball 1-0: Ball 2-0: Called Strike 2-1: Swinging Strike 2-2: Foul Ball, location: 2F 2-2: Ball 3-2: Strikes out swinging
|
Batting: RHB Juan Vareas
|
0-0: Intentional Walk
|
Batting: RHB Víctor Solano
|
0-0: Ground out 5-3 (Groundball, 56S)
|
Bottom of the 5th over - 2 run(s), 3 hit(s), 0 error(s), 2 left on base; Santa Monica 1 - Albuquerque 2 |
TOP OF THE 6TH |
Santa Monica Bruins batting - Pitching for Albuquerque Isotopes : RHP Xavier Castańera
|
Batting: LHB Ethan Shaw
|
0-0: SINGLE (Groundball, 6MS) (infield hit)
|
Batting: LHB Ken Phillips
|
0-0: Called Strike 0-1: Hit by Pitch Ethan Shaw to second
|
Batting: SHB Zach Franks
|
0-0: Fly out, F6 (Line Drive, 6)
|
Batting: RHB Fred Ameris
|
0-0: Swinging Strike 0-1: Called Strike 0-2: Ball 1-2: Ball Wild Pitch! Ethan Shaw to third Ken Phillips to second 2-2: Strikes out swinging
|
Batting: SHB Adrián Nieto
|
0-0: Ball 1-0: Ball 2-0: Called Strike 2-1: Ground out 3-1 (Groundball, 3S)
|
Top of the 6th over - 0 run(s), 1 hit(s), 0 error(s), 2 left on base; Santa Monica 1 - Albuquerque 2 |
BOTTOM OF THE 6TH |
Albuquerque Isotopes batting - Pitching for Santa Monica Bruins : RHP Mario Chávez
|
Batting: RHB Sam Wallace
|
0-0: Ball 1-0: Ball 2-0: Called Strike 2-1: Ground out 5-3 (Groundball, 5)
|
Batting: LHB Phil Neal
|
0-0: Ball 1-0: Foul Ball, location: 2F 1-1: Ball 2-1: Called Strike 2-2: Ground out U3 (Groundball, 34)
|
Batting: RHB Mike Ingram
|
0-0: Ball 1-0: Called Strike 1-1: Ball 2-1: Ball 3-1: Ground out 4-3 (Groundball, 4)
|
Bottom of the 6th over - 0 run(s), 0 hit(s), 0 error(s), 0 left on base; Santa Monica 1 - Albuquerque 2 |
TOP OF THE 7TH |
Santa Monica Bruins batting - Pitching for Albuquerque Isotopes : RHP Xavier Castańera
|
Batting: RHB Ernest Russell
|
0-0: Swinging Strike 0-1: Ball 1-1: Called Strike 1-2: Strikes out swinging
|
Batting: RHB Bonifacio Torres
|
0-0: Called Strike 0-1: Called Strike 0-2: SINGLE (Line Drive, 6MD)
|
Batting: RHB Chad Huggins
|
0-0: Ball 1-0: Called Strike 1-1: Swinging Strike 1-2: Foul Ball, location: 2F 1-2: SINGLE (Line Drive, 9S) Bonifacio Torres to second
|
Pitching: RHP Steve Snyder
|
|
Batting: RHB Javier González
|
0-0: Ball 1-0: Fly out, F9 (Flyball, 9LSF)
|
Batting: LHB Ethan Shaw
|
0-0: Ball 1-0: Ball 2-0: Foul Ball, location: 2F 2-1: Ball 3-1: Base on Balls Bonifacio Torres to third Chad Huggins to second
|
Batting: LHB Ken Phillips
|
0-0: Foul Ball, location: 2F 0-1: Foul Ball, location: 2F 0-2: Hit by Pitch Bonifacio Torres scores Chad Huggins to third Ethan Shaw to second
|
Batting: SHB Zach Franks
|
0-0: Ball 1-0: DOUBLE (Line Drive, 78XD) Chad Huggins scores Ethan Shaw scores Ken Phillips to third Runner from 3rd tries for Home, SAFE, no throw
|
Pitching: RHP Shiki Kanno
|
|
Batting: RHB Fred Ameris
|
0-0: Swinging Strike 0-1: Ball 1-1: SINGLE (Groundball, 6MD) Zach Franks to third Runner from 3rd tries for Home, throw and OUT!
|
Top of the 7th over - 4 run(s), 4 hit(s), 0 error(s), 1 left on base; Santa Monica 5 - Albuquerque 2 |
BOTTOM OF THE 7TH |
Albuquerque Isotopes batting - Pitching for Santa Monica Bruins : RHP Mario Chávez
|
Batting: RHB Eric Knight
|
0-0: Ball 1-0: Ball 2-0: Ball 3-0: Called Strike 3-1: Foul Ball, location: 2F 3-2: Foul Ball, location: 2F 3-2: Ground out 5-3 (Groundball, 56S)
|
Batting: LHB Pedro Cruz
|
0-0: Foul Ball, location: 2F 0-1: Ball 1-1: Called Strike 1-2: Strikes out looking
|
Batting: RHB Dave Mullen
|
0-0: Ball 1-0: Ball 2-0: Called Strike 2-1: Swinging Strike 2-2: Foul Ball, location: 2F 2-2: Fly out, F9 (Flyball, 89M)
|
Bottom of the 7th over - 0 run(s), 0 hit(s), 0 error(s), 0 left on base; Santa Monica 5 - Albuquerque 2 |
TOP OF THE 8TH |
Santa Monica Bruins batting - Pitching for Albuquerque Isotopes : RHP Shiki Kanno
|
Batting: SHB Adrián Nieto
|
0-0: Foul Ball, location: 2F 0-1: Ball 1-1: Foul Ball, location: 2F 1-2: Fly out, F7 (Flyball, 7LSF)
|
Batting: RHB Ernest Russell
|
0-0: Fly out, F9 (Flyball, 89M)
|
Batting: RHB Bonifacio Torres
|
0-0: Called Strike 0-1: Ball 1-1: Ball 2-1: Foul Ball, location: 2F 2-2: Ground out 5-3 (Groundball, 56S)
|
Top of the 8th over - 0 run(s), 0 hit(s), 0 error(s), 0 left on base; Santa Monica 5 - Albuquerque 2 |
BOTTOM OF THE 8TH |
Albuquerque Isotopes batting - Pitching for Santa Monica Bruins : RHP Mario Chávez
|
Pitching: RHP Jorge Hernández
|
|
Now at SS: Armando Colón
|
|
Batting: LHB Burt Ward
|
0-0: Ball 1-0: Foul Ball, location: 2F 1-1: Called Strike 1-2: Foul Ball, location: 2F 1-2: Ball 2-2: Ground out 6-3 (Groundball, 6)
|
Batting: RHB Juan Vareas
|
0-0: Ball 1-0: Swinging Strike 1-1: Ball 2-1: SINGLE (Flyball, 89S)
|
Pitching: RHP Martín Ortíz
|
|
Batting: RHB Víctor Solano
|
0-0: Ball 1-0: Fielders Choice at 2nd, 5-4 (Groundball, 5L)
|
Batting: RHB Sam Wallace
|
0-0: Ball 1-0: Ball 2-0: Foul Ball, location: 2F 2-1: Fielders Choice at 2nd, 6-4 (Groundball, 6)
|
Bottom of the 8th over - 0 run(s), 1 hit(s), 0 error(s), 0 left on base; Santa Monica 5 - Albuquerque 2 |
TOP OF THE 9TH |
Santa Monica Bruins batting - Pitching for Albuquerque Isotopes : RHP Shiki Kanno
|
Pitching: RHP Howard Joyce
|
|
Batting: RHB Chad Huggins
|
0-0: Called Strike 0-1: Ball 1-1: SINGLE (Line Drive, 6D)
|
Batting: RHB Javier González
|
0-0: Bunted foul 0-1: Bunted foul 0-2: Ball 1-2: Foul Ball, location: 2F 1-2: Foul Ball, location: 2F 1-2: Fly out, F4 (Line Drive, 4M)
|
Batting: LHB Ethan Shaw
|
0-0: Called Strike 0-1: Ball Wild Pitch! Chad Huggins to second 1-1: Ball 2-1: Swinging Strike 2-2: Ground out 4-3 (Groundball, 4) Chad Huggins to third
|
Batting: LHB Ken Phillips
|
0-0: DOUBLE (Flyball, 89XD) Chad Huggins scores
|
Batting: SHB Zach Franks
|
0-0: Called Strike 0-1: Foul Ball, location: 2F 0-2: Ball 1-2: Ground out 3-1 (Groundball, 34)
|
Top of the 9th over - 1 run(s), 2 hit(s), 0 error(s), 1 left on base; Santa Monica 6 - Albuquerque 2 |
BOTTOM OF THE 9TH |
Albuquerque Isotopes batting - Pitching for Santa Monica Bruins : RHP Martín Ortíz
|
Batting: LHB Phil Neal
|
0-0: Ball 1-0: Foul Ball, location: 2F 1-1: Ball 2-1: Foul Ball, location: 2F 2-2: Ball 3-2: Base on Balls
|
Batting: RHB Mike Ingram
|
0-0: Ball 1-0: Called Strike 1-1: Fly out, F9 (Flyball, 9S)
|
Batting: RHB Eric Knight
|
0-0: Called Strike 0-1: Foul Ball, location: 2F 0-2: Ball 1-2: Ball 2-2: Foul Ball, location: 2F 2-2: Ball 3-2: Strikes out looking
|
Batting: LHB Pedro Cruz
|
0-0: Swinging Strike 0-1: Called Strike 0-2: Foul Ball, location: 2F 0-2: Fielders Choice at 2nd, 6-4 (Groundball, 6)
|
Bottom of the 9th over - 0 run(s), 0 hit(s), 0 error(s), 0 left on base; Santa Monica 6 - Albuquerque 2 |
|